 Dungeon Crawl Stone Soup version 0.21-a0-538-gd16b88a (webtiles) character file.

305 tilp the Cudgeler (level 6, 0/53 HPs)
             Began as a Draconian Gladiator on Dec 15, 2017.
             Succumbed to a worker ant's poison
             ... on level 4 of the Dungeon.
             The game lasted 00:08:14 (3685 turns).

tilp the Cudgeler (Draconian Gladiator)             Turns: 3685, Time: 00:08:14

Health: 0/53       AC:  6    Str: 17    XL:     6   Next: 16%
Magic:  6/6        EV: 12    Int: 14    God:
Gold:   133        SH:  3    Dex: 13    Spells: 5/5 levels left

rFire    . . .     SeeInvis .   a - +0 mace
rCold    . . .     Gourm    .   w - +0 buckler
rNeg     . . .     Faith    .   (armour unavailable)
rPois    .         Spirit   .   y - +0 hat
rElec    .         Reflect  .   (no cloak)
rCorr    .         Harm     .   (no gloves)
MR       .....                  (no boots)
Stlth    +.........             (no amulet)
HPRegen  0.17/turn              (no ring)
MPRegen  0.10/turn              (no ring)

@: brilliant, lethally poisoned (0 -> -9), hasted, very quick
A: unfitting armour, cold-blooded, AC +6
a: no special abilities


You were on level 4 of the Dungeon.
You were not hungry.

You visited 1 branch of the dungeon, and saw 4 of its levels.

You collected 133 gold pieces.

Inventory:

Hand Weapons
 a - a +0 mace (weapon)
 b - a +0 hunting sling
 n - a +0 flail
Missiles
 c - 2 throwing nets
 h - 108 stones (quivered)
Armour
 w - a +0 buckler (worn)
 y - a +0 hat (worn)
Jewellery
 o - an uncursed amulet of faith {unknown}
 s - an uncursed ring of positive energy {unknown}
 B - an uncursed ring of resist corrosion {unknown}
Scrolls
 e - 2 scrolls of remove curse {unknown}
 i - 5 scrolls of teleportation {unknown}
 l - a scroll of enchant weapon {unknown}
 m - a scroll of magic mapping {unknown}
 p - 2 scrolls of amnesia {unknown}
 u - a scroll of blinking {unknown}
 x - a scroll of noise {unknown}
Potions
 q - a potion of lignification {unknown}
 r - a potion of ambrosia {unknown}
 v - a potion of agility {unknown}
 z - a potion of invisibility {unknown}
 A - a potion of mutation {unknown}
 C - a potion of heal wounds {unknown}
Comestibles
 d - 3 bread rations
 f - 2 royal jellies
 g - a meat ration
 t - a chunk of flesh


   Skills:
 + Level 4.4 Fighting
 * Level 6.0 Maces & Flails
 - Level 1.7 Throwing
 - Level 2.6 Dodging


You had 5 spell levels left.
You didn't know any spells.

Dungeon Overview and Level Annotations

Branches:
Dungeon (4/15)
 Temple: D:4-7

Altars:
Xom


Innate Abilities, Weirdness & Mutations

Your plain brown scales are hard. (AC +6)
You cannot fit into any form of body armour.
You are cold-blooded and may be slowed by cold attacks.


Message History

You feel sick.
Found a blackened brass ring.
You barely miss the worker ant.
The jackal barks!
Your tail-slap misses the worker ant.
The worker ant bites you but does no damage.
You hit the worker ant.
The worker ant is moderately wounded.
* * * LOW HITPOINT WARNING * * *
You feel sick. The worker ant misses you. The worker ant bites you.
* * * LOW HITPOINT WARNING * * *
You are more poisoned.
The worker ant poisons you!
It was a potion of brilliance.
You feel clever all of a sudden.
* * * LOW HITPOINT WARNING * * *
You feel sick. You block the worker ant's attack.
The iguana hisses menacingly.
It was a potion of haste.
You feel yourself speed up.
You die...

#.. .. .. ##.##
. ...#
#.#.###..####.#
..........=..#
. .. #@#
....#h##a##
#.....)hlh#
##........#
#..##....# #.
!....# #.#.#.#
#.#.#.# ......#


You could see an iguana, a worker ant and 2 jackals.

Vanquished Creatures
  2 orc priests (D:3)
  Natasha (thrice) (D:2)
  A worker ant (D:2)
  Robin (D:3)
  4 adders (D:3)
  2 oozes (D:1)
  2 dart slugs
  2 worms (D:3)
  A leopard gecko (D:3)
  4 orcs (D:3)
  2 ball pythons
  6 bats
  7 giant cockroaches
  12 goblins
  17 hobgoblins
  3 jackals
  A frilled lizard (D:1)
  4 kobolds
  7 rats
81 creatures vanquished.

Notes
Turn   | Place    | Note
-------+----------+-------------------------------------------
     0 | D:1      | tilp the Draconian Gladiator began the quest for the Orb.
     0 | D:1      | Reached XP level 1. HP: 17/17 MP: 1/1
   321 | D:1      | Reached XP level 2. HP: 23/25 MP: 2/2
   507 | D:1      | Reached XP level 3. HP: 29/30 MP: 3/3
   715 | D:1      | Reached skill level 4 in Maces & Flails
  1430 | D:2      | Reached XP level 4. HP: 23/38 MP: 4/4
  1629 | D:2      | Noticed Natasha
  1675 | D:2      | Killed Natasha
  1974 | D:2      | Noticed Natasha
  1987 | D:2      | Killed Natasha
  2327 | D:2      | Noticed Natasha
  2337 | D:2      | Killed Natasha
  2337 | D:2      | Reached skill level 5 in Maces & Flails
  2337 | D:2      | Reached XP level 5. HP: 41/46 MP: 5/5
  2522 | D:3      | Noticed Robin
  2601 | D:3      | Killed Robin
  2684 | D:2      | Found a shimmering altar of Xom.
  3299 | D:3      | Reached XP level 6. HP: 35/52 MP: 6/6
  3416 | D:3      | Reached skill level 6 in Maces & Flails
  3683 | D:4      | HP: 2/53 [worker ant (2)]
  3685 | D:4      | Succumbed to a worker ant's poison

Vault maps used:
D:1:      dpeg_arrival_rhombus, minmay_misc_feat_five
D:2:      lemuel_upstairs_altar, st_stairs_8, uniq_natasha
D:3:      uniq_robin
D:4:      fiery_altar_vehumet, marbit_many_paths

Skill      XL: |  1  2  3  4  5  6 |
---------------+-------------------+-----
Maces & Flails | 4 5 6 |  6.0
Fighting       | 3 4 |  4.4
Throwing       | |  1.7
Dodging        | |  2.6

Action                   |  1- 3 |  4- 6 || total
-------------------------+-------+-------++-------
Melee: Flail             |   108 |       ||   108
       Tailslap          |    12 |    18 ||    30
       Mace              |    36 |   183 ||   219
 Fire: Hunting sling     |       |    10 ||    10
Throw: Throwing net      |     1 |       ||     1
  Use: Potion            |       |     3 ||     3
 Stab: Sleeping          |     2 |     3 ||     5
  Eat: Chunk             |     2 |     7 ||     9
Armor: Skin              |    55 |    34 ||    89
Dodge: Dodged            |   125 |   111 ||   236
Block: Buckler           |       |    33 ||    33

Table legend:
 A = Spawn XP
 B = Non-spawn XP
 C = Spawn XP percentage of total XP
 D = Spawn monster count
 E = Non-spawn monster count
 F = Spawn count percentage of total count
 G = Total turns spent on level
                    A         B        C        D         E        F      G
               +---------+---------+-------+---------+---------+-------+---------
         Total |       0 |     437 |   0.0 |       0 |      81 |   0.0 |  3685
               +---------+---------+-------+---------+---------+-------+---------
           D:1 |       0 |      61 |   0.0 |       0 |      30 |   0.0 |  1192
           D:2 |       0 |     171 |   0.0 |       0 |      21 |   0.0 |  1381
           D:3 |       0 |     205 |   0.0 |       0 |      30 |   0.0 |  1098
               +---------+---------+-------+---------+---------+-------+---------
